 Dungeon Crawl Stone Soup version 0.26-a0-84-g8c18429211 (webtiles) character file.

Game seed: 11140741527205408398

258666 drasked the Scorcher (level 19, -2/112 HPs)
             Began as a Deep Elf Wizard on June 19, 2020.
             Was the Champion of Vehumet.
             Slain by a spatial maelstrom (15 damage)
             ... on level 4 of the Abyss.
             The game lasted 07:10:45 (62818 turns).

drasked the Scorcher (Deep Elf Wizard)             Turns: 62818, Time: 07:10:46

Health: -2/112     AC:  9    Str:  6    XL:     19   Next: 13%
Magic:  10/40      EV: 21    Int: 48    God:    Vehumet [******]
Gold:   3312       SH:  7    Dex: 13    Spells: 3/48 levels left

rFire    + . .     SeeInvis +   C - +8 war axe of Ydaen {vorpal, Int+6}
rCold    + . .     Gourm    .   m - +2 buckler
rNeg     . . .     Faith    .   X - +1 robe {rC+ rF+} {rC+, rF+}
rPois    +         Spirit   .   H - +1 helmet {SInv} {sInv}
rElec    .         Reflect  .   f - +0 cloak {rPois} {rPois}
rCorr    .         Harm     .   b - +2 pair of gloves
MR       +....                  (no boots)
Stlth    ++........             s - amulet of magic regeneration
HPRegen  0.28/turn              U - +6 ring of intelligence
MPRegen  0.52/turn              u - +6 ring of intelligence

@: very slightly contaminated, invisible
A: no striking features
}: 2/15 runes: decaying, gossamer
a: Renounce Religion


You were on level 4 of the Abyss.
You worshipped Vehumet.
Vehumet was exalted by your worship.
You were not hungry.

You visited 9 branches of the dungeon, and saw 37 of its levels.
You visited the Abyss 1 time.
You also visited: Bailey, Ice Cave and Desolation.

You collected 3696 gold pieces.
You spent 384 gold pieces at shops.

Inventory:

Hand Weapons
 C - the +8 war axe of Ydaen (weapon) {vorpal, Int+6}
   (You found it on level 10 of the Dungeon)

   It inflicts extra damage upon your enemies.
   It affects your intelligence (+6).
Armour
 b - a +2 pair of gloves (worn)
   (You found it on level 2 of the Dungeon)
 f - a +0 cloak of poison resistance (worn) {rPois}
   (You found it on level 15 of the Dungeon)
 m - a +2 buckler (worn)
   (You took it off a spriggan on level 6 of the Lair of Beasts)
 H - a +1 helmet of see invisible (worn) {sInv}
   (You acquired it on level 4 of the Spider Nest)
 X - a +1 robe of resistance (worn) {rC+, rF+}
   (You took it off a spriggan on level 6 of the Lair of Beasts)
Jewellery
 s - an amulet of magic regeneration (around neck)
   (You found it on level 3 of the Swamp)
 u - a +6 ring of intelligence (right hand)
   (You found it on level 14 of the Dungeon)
 x - the ring "Uclamoru" {rC+ Str+4}
   (You found it in an ice cave)

   [ring of protection from cold]

   It affects your strength (+4).
   It protects you from cold.
 P - an uncursed ring of see invisible {sInv, !d}
   (You found it on level 3 of the Dungeon)
 R - the ring "Taomom" {+Blink rPois rF- Dex+3}
   (You found it on level 4 of the Swamp)

   [ring of poison resistance]

   It affects your dexterity (+3).
   It makes you vulnerable to fire.
   It protects you from poison.
   It lets you blink.
 S - the ring "Tareuci" {rN+ MP+9 Dex+4}
   (You acquired it on level 2 of the Vaults)

   [ring of magical power]

   It affects your dexterity (+4).
   It protects you from negative energy.
   It affects your magic capacity (+9).
 U - a +6 ring of intelligence (left hand)
   (You found it on level 6 of the Lair of Beasts)
Wands
 a - a wand of iceblast (10)
   (You took it off an orc warrior on level 1 of the Vaults)
 c - a wand of acid (38)
   (You found it on level 12 of the Dungeon)
 v - a wand of paralysis (27)
   (You found it on level 3 of the Spider Nest)
 A - a wand of disintegration (29)
   (You found it on level 8 of the Dungeon)
 D - a wand of digging (13)
   (You found it on level 5 of the Lair of Beasts)
 K - a wand of enslavement (15)
   (You found it on level 11 of the Dungeon)
 N - a wand of polymorph (8)
   (You found it on level 4 of the Swamp)
 Z - a wand of clouds (4)
   (You found it on level 4 of the Lair of Beasts)
Scrolls
 g - 2 scrolls of fear
 i - 10 scrolls of identify
 j - 7 scrolls of fog
 o - 4 scrolls of enchant weapon
 t - 10 scrolls of teleportation
 w - 9 scrolls of remove curse
 y - 2 scrolls of immolation {!r!r}
 B - 2 scrolls of blinking {!r!r}
 E - a scroll of magic mapping {!r!r}
 J - 3 scrolls of amnesia
 Q - a scroll of enchant armour
Potions
 d - 2 potions of might
 h - a potion of haste
 k - a potion of lignification {!q!q}
 n - a potion of resistance
 p - 6 potions of berserk rage {!q!q}
 q - 9 potions of curing
 r - 12 potions of flight
 F - 2 potions of invisibility
 G - 4 potions of ambrosia
 I - a potion of stabbing
 L - 4 potions of mutation {!q!q}
Comestibles
 e - 41 rations


   Skills:
 - Level 10.0 Fighting
 - Level 15.0 Dodging
 - Level 2.4 Stealth
 - Level 4.0 Shields
 - Level 15.0 Spellcasting
 - Level 15.0 Conjurations
 - Level 15.0 Summonings
 - Level 5.0 Translocations
   Level 0.4 Transmutations
 + Level 20.5 Fire Magic
 - Level 2.0 Air Magic
 - Level 2.0 Poison Magic


You had 3 spell levels left.
You knew the following spells:

 Your Spells              Type           Power        Failure   Level  Hunger
a - Ignition              Fire           ########..   1%          8    ####...
b - Blink                 Tloc           N/A          1%          2    None
c - Summon Hydra          Summ           ########..   1%          7    None
d - Spellforged Servitor  Conj/Summ      ########..   1%          7    None
f - Searing Ray           Conj           ######       0%          2    None
g - Dazzling Flash        Conj/Hex       ######       1%          3    None
h - Apportation           Tloc           ######       1%          1    None
i - Orb of Destruction    Conj           ########..   1%          7    None
j - Fireball              Conj/Fire      ########..   0%          5    None
x - Mephitic Cloud        Conj/Pois/Air  #######.     1%          3    None

Your spell library contained the following spells:

 Spells                   Type           Power        Failure   Level  Hunger
 Absolute Zero            Ice            #####.....   100%        9    #####..
 Shatter                  Erth           #####.....   100%        9    #####..
 Foxfire                  Conj/Fire      ####         0%          1    None
 Magic Dart               Conj           ####         0%          1    None
 Summon Butterflies       Summ           ########     0%          1    None
 Summon Small Mammal      Summ           ####         0%          1    None
 Call Imp                 Summ           ########     0%          2    None
 Call Canine Familiar     Summ           ########     0%          3    None
 Conjure Flame            Conj/Fire      ########     0%          3    None
 Animate Skeleton         Necr           N/A          1%          1    None
 Corona                   Hex            #####..      1%          1    None
 Sandblast                Erth           #####.       1%          1    None
 Sting                    Tmut/Pois      ####         1%          1    None
 Ensorcelled Hibernation  Hex/Ice        #####.       1%          2    None
 Poisonous Vapours        Pois/Air       ######       1%          2    None
 Slow                     Hex            #####...     1%          2    None
 Confusing Touch          Hex            #####...     1%          3    None
 Ignite Poison            Fire/Tmut/Pois #######.     1%          3    None
 Inner Flame              Hex/Fire       #######.     1%          3    None
 Tukima's Dance           Hex            #####...     1%          3    None
 Sticky Flame             Conj/Fire      ########     0%          4    None
 Fulminant Prism          Conj/Hex       #######...   1%          4    None
 Iskenderun's Mystic Bla  Conj/Tloc      #######.     1%          4    None
 Olgreb's Toxic Radiance  Pois           ######..     1%          4    None
 Summon Ice Beast         Ice/Summ       #######.     1%          4    None
 Summon Lightning Spire   Summ/Air       #######.     1%          4    None
 Summon Mana Viper        Hex/Summ       #######.     1%          5    None
 Conjure Ball Lightning   Conj/Air       #######...   1%          6    None
 Shadow Creatures         Summ           N/A          1%          6    None
 Freezing Cloud           Conj/Ice/Air   ######....   2%          6    None
 Lee's Rapid Deconstruct  Erth           #####.....   4%          5    None
 Ice Form                 Ice/Tmut       #####...     5%          4    None
 Cause Fear               Hex            #####.....   6%          4    None
 Silence                  Hex/Air        #####.....   11%         5    None
 Borgnjor's Vile Clutch   Necr/Erth      #####.....   17%         5    None
 Metabolic Englaciation   Hex/Ice        #####.....   17%         5    None
 Ozocubu's Refrigeration  Ice            #####.....   24%         6    None
 Statue Form              Tmut/Erth      #####....    65%         6    None
 Darkness                 Hex            #####.....   67%         6    None
 Simulacrum               Ice/Necr       #####.....   67%         6    None
 Dragon's Call            Summ           ########..   78%         9    #####..
 Dragon Form              Tmut           #####.....   99%         7    None
 Tornado                  Air            ######....   100%        9    #####..


Dungeon Overview and Level Annotations

Branches:
Dungeon (15/15)            Temple (1/1) D:7            Lair (6/6) D:10
  Swamp (4/4) Lair:4       Spider (4/4) Lair:3        Slime (0/5) Lair:6
    Orc (2/2) D:12            Elf (1/3) Orc:2        Vaults (3/5) D:13
  Crypt (0/3) Vaults:3     Depths (1/5) D:15         Bailey (visited)
  IceCv (visited)         Desolation (visited)

Altars:
Ashenzari
Cheibriados
Elyvilon
Fedhas
Gozag
Hepliaklqana
Kikubaaqudgha
Makhleb
Nemelex Xobeh
Okawaru
Qazlal
Ru
Sif Muna
Trog
Uskayaw
Vehumet
Wu Jian
Xom
Zin
The Shining One

Shops:
D:4 ((   D:9 }   D:11 **?   Orc:2 :((?

Annotations:
D:2 Robin
Lair:2 exclusion: 2 oklob plants
Lair:3 exclusion: 2 upstairs
Orc:1 2 runed translucent doors, exclusion: orange crystal statue
Vaults:1 exclusion: obsidian statue


Message History

The fireball engulfs the spatial maelstrom!
The spatial maelstrom resists.
The fireball engulfs the air elemental!!
* * * LOW MAGIC WARNING * * *
A spatial vortex comes into view.
Aim: a spatial maelstrom (moderately damaged)
Okay, then.
The air elemental hits you.
A spatial vortex comes into view.
Okay, then.
The winds around the air elemental calm down.
A vortex of raging winds appears around the air elemental!
The air elemental closely misses you.
A spatial vortex comes into view.
The fireball explodes!
The fireball engulfs the air elemental!!
You destroy the air elemental!
You feel your power returning.
* * * LOW MAGIC WARNING * * *
The spatial maelstrom misses you.
The spatial maelstrom barely misses you.
You block the spatial maelstrom's attack.
The spatial maelstrom closely misses you.
The spatial vortex hits you!!
You blink.
A spatial vortex comes into view.
A spatial vortex comes into view.
A spatial vortex comes into view. x2
The fireball explodes!
The fireball engulfs the spatial maelstrom.
The spatial maelstrom resists.
* * * LOW MAGIC WARNING * * *
The spatial maelstrom closely misses you.
The spatial maelstrom hits you! Space warps horribly around you!!
* * * LOW HITPOINT WARNING * * *
The fireball explodes!
The fireball engulfs the spatial maelstrom!
The spatial maelstrom resists.
* * * LOW MAGIC WARNING * * *
Okay, then.
Aim: a spatial maelstrom (moderately damaged)
You create a blast of flame!
The spatial maelstrom is engulfed in blazing flames.
The spatial maelstrom completely misses you.
The spatial maelstrom hits you!
* * * LOW HITPOINT WARNING * * *
You wobble for a moment.
The spatial maelstrom is engulfed in blazing flames.
You don't have any such object.
You don't have any such object.
Okay, then.
Unknown command.
That item cannot be evoked!
Unknown command.
Aim: a spatial maelstrom (heavily damaged)
You create a blast of noxious fumes!
You block the spatial maelstrom's attack.
The spatial maelstrom misses you.
The spatial maelstrom hits you but does no damage.
The spatial maelstrom closely misses you.
The spatial vortex is engulfed in blazing flames.
The spatial vortex is engulfed in blazing flames.
The spatial maelstrom hits you.
* * * LOW HITPOINT WARNING * * *
Space bends around you.
* * * LOW HITPOINT WARNING * * *
The spatial maelstrom hits you but does no damage.
A spatial vortex comes into view.
Okay, then.
You fade into invisibility!
The spatial vortex is engulfed in blazing flames.
You are very lightly contaminated with residual magic.
A spatial vortex comes into view.
The spatial maelstrom misses you. The spatial maelstrom hits you.
* * * LOW HITPOINT WARNING * * *
Space bends around you.
* * * LOW HITPOINT WARNING * * *
The spatial maelstrom closely misses you.
The spatial maelstrom misses you.
A spatial vortex comes into view.
The spatial maelstrom completely misses you. x2
A spatial vortex comes into view.
You barely miss the spatial vortex. You barely miss the spatial maelstrom.
The spatial maelstrom closely misses you.
You block the spatial maelstrom's attack.
The spatial maelstrom misses you.
The spatial maelstrom completely misses you.
The spatial maelstrom hits you but does no damage.
The spatial maelstrom barely misses you.
The spatial vortex barely misses you.
The spatial maelstrom completely misses you.
The spatial maelstrom hits you!
* * * LOW HITPOINT WARNING * * *
You feel better.
The spatial maelstrom barely misses you.
The spatial maelstrom hits you!
* * * LOW HITPOINT WARNING * * *
Space warps horribly around you!
You die...

##
...#..........###
#.................
.#..##..#.##.## .
## #..#..#.# #.
#.#....# ##.#.###
. ##..# .# #vv##
#.@# ##.# v#. ##
#. .. .. .## #


You could see a spatial maelstrom and 2 spatial vortices.

Levels and vault maps discovered:
D:1:      tarquinn_simple_flora_water_c, layout_basic
D:2:      layout_basic, minmay_misc_feat_columns, st_stairs_8, uniq_robin
D:3:      layout_loops_ring, uniq_crazy_yiuf_cottage
D:4:      layout_rooms, serial_shops, shop,
          nicolae_shop_temple_entry_statues_fountains
D:5:      layout_gridville, first_ration
D:6:      layout_basic, nicolae_overflow_crystal_walls
D:7:      layout_basic, minmay_temple_entry_large_hall,
          lightli_bailey_entry_fortress
D:8:      layout_basic, gammafunk_ghost_grave
D:9:      layout_loops_ring, serial_shops, nicolae_shop_window_shopping,
          grunt_ogre_cave
D:10:     layout_roguey, lair_entry_dummy
D:11:     layout_roguey, serial_shops, shop_scrolls, shop_fountains,
          kennysheep_mini, kennysheep_little_box, chequers_decorated_corner,
          uniq_sonja
D:12:     layout_cave_pools, kennysheep_orc_monster_closet_entryway,
          serial_park_tiny_1, uniq_snorg
D:13:     layout_long_grid, david_vaults_5, minmay_misc_feat_four_crosses
D:14:     layout_roguey, corexii_leaking_fountain
D:15:     gammafunk_depths_entry_grave, layout_loops_ring,
          chequers_serial_rivers_large_b, uniq_nessos
Temple:   grunt_wide_crystal_templ
Lair:1:   lemuel_slime, layout_regular_city
Lair:2:   dpeg_oklob_gauntlet, layout_loops_ring, grunt_megastairs_5
Lair:3:   layout_hall_layers, spider_nest_entry_web_field, lemuel_fruit_tree,
          serial_bayou_shore_b
Lair:4:   layout_cave_pods, minmay_swamp_entry_worms, wad_woods_02, uniq_kirke
Lair:5:   lemuel_reptile_caves, layout_layer_cave, ebering_ghost_disaster_area,
          kennysheep_rathole
Lair:6:   minmay_lair_end_enchanted_forest, layout_concentric_octagons,
          nicolae_slime_entry_slimehenge, fungi_pond_lemuel,
          serial_bayou_shore_a, lemuel_fruit_fields
Swamp:1:  layout_basic_swamp, hangedman_swamp_ruin_hall, st_swamp_ruins_3,
          uniq_donald
Swamp:2:  layout_basic_swamp, hangedman_swamp_cone, swamp_pool2
Swamp:3:  layout_basic_swamp, hangedman_swamp_diagram
Swamp:4:  swamp_basic_johnstein, layout_basic_swamp, swamp_pool2
Spider:1: layout_spider_delve
Spider:2: layout_spider_delve
Spider:3: layout_spider_delve
Spider:4: grunt_spider_rune_circles
Orc:1:    layout_caves, chequers_guarded_unrand_ignorance, uniq_harold
Orc:2:    st_orc_rangers, layout_diamond_mine, portal_ice_cave_demonic_guard,
          minmay_orc_keep
Elf:1:    minmay_elf_arrival_summoners, layout_loops_cross, serial_shops,
          nicolae_shop_trees, ebering_ghost_rock_garden, amethyst_killhole
Vaults:1: v_misc_9, hangedman_vaults_capsules, nicolae_vaults_shelves_hall,
          ontoclasm_vaults_hangar, vaults_room_pools,
          nicolae_vaults_statue_guard, layout_vaults_omnigrid, uniq_aizul,
          uniq_saint_roka
Vaults:2: grunt_vaults_funnel, nicolae_vaults_know_your_exits,
          hangedman_vaults_variations, v_misc_16,
          nicolae_vaults_stairing_the_circle, vaults_dpeg_diagonal,
          grunt_vaults_focal, vaults_dpeg_doors, vaults_dpeg_ring,
          layout_vaults_omnicross, uniq_boris
Vaults:3: ontoclasm_vaults_ligature, nicolae_vaults_alarming,
          nicolae_vaults_back_hallway, nicolae_vaults_specimen_jars,
          grunt_vaults_diagonal, nicolae_vaults_inception_scallops,
          minmay_crypt_entry_nasty_monster, nicolae_vaults_rhombus_5, v_misc_8,
          hangedman_vaults_stretched_pinwheel, v_misc_1,
          dpeg_vaults_monster_box, vaults_room_semicircle, v_rooms_3,
          nicolae_vaults_border_crossing, nicolae_vaults_asterisk,
          vaults_room_fours, layout_vaults_ring, serial_shops, shop,
          portal_desolation_entry_garden
Depths:1: layout_cave_pools, enter_ziggurat_f, enter_trove_5, hell_entry,
          minmay_misc_feat_nine_boxes, eino_curves_01, skrybe_limestone_x,
          nrook_loot_triangle, kennysheep_windowed_goal
Abyss:4:  base: Lair:3, bh_abyss_exit_choice, hangedman_abyss_sting,
          hangedman_abyss_rune_flesh_and_stone

Notes
Turn   | Place    | Note
-------+----------+-------------------------------------------
     0 | D:1      | drasked the Deep Elf Wizard began the quest for the Orb.
     0 | D:1      | Reached XP level 1. HP: 10/10 MP: 7/7
   145 | D:1      | Reached skill level 2 in Conjurations
   145 | D:1      | Identified a +0 club
   156 | D:1      | Reached XP level 2. HP: 15/15 MP: 0/9
   160 | D:1      | Learned a level 2 spell: Blink
   163 | D:1      | Learned a level 2 spell: Call Imp
   248 | D:1      | Identified a +0 dagger (You found it on level 1 of the
                  | Dungeon)
   266 | D:1      | Identified a +0 club
   376 | D:1      | Identified a +0 club
   664 | D:1      | Reached skill level 3 in Conjurations
   826 | D:1      | Identified a +0 dagger
   897 | D:1      | Reached XP level 3. HP: 19/19 MP: 3/10
   954 | D:1      | Identified a cursed +0 club
  1282 | D:1      | meem: I'm meem, an infobot run by MalcolmRoseGaming: Type
                  | !submeem to keep me in your games; !nomeem to shut me up
                  | forever; !meem for help; !whymeem if you want to know why
                  | meem exists. Visit http://youtube.com/malcolmrosegaming for
                  | more DCSS content.
  1283 | D:2      | Identified a +0 spear
  1283 | D:2      | Identified a +0 animal skin
  1283 | D:2      | Identified a +0 helmet
  1283 | D:2      | Noticed Robin
  1283 | D:2      | Identified a +0 dagger
  1283 | D:2      | Identified a +0 club
  1283 | D:2      | Identified a +0 club
  1284 | D:2      | Identified a +0 dagger
  1284 | D:2      | Identified a +0 dagger
  1284 | D:2      | Identified a +1 dagger of venom
  1284 | D:2      | Identified a +0 club
  1337 | D:2      | Learned a level 3 spell: Mephitic Cloud
  1565 | D:2      | Identified a cursed +0 pair of gloves (You found it on
                  | level 2 of the Dungeon)
  1646 | D:2      | Identified a +0 whip
  2588 | D:3      | Reached skill level 1 in Poison Magic
  2697 | D:3      | Reached skill level 1 in Air Magic
  2727 | D:3      | Reached XP level 4. HP: 24/24 MP: 6/12
  2789 | D:3      | Identified a +0 club
  3006 | D:3      | Identified a +0 club
  3087 | D:3      | Identified a +0 trident
  3087 | D:3      | Identified a +0 leather armour
  3091 | D:3      | Identified a +0 flail
  3201 | D:3      | Identified a +0 mace
  3201 | D:3      | Identified a +0 scale mail
  3474 | D:3      | Found a runed translucent door.
  3475 | D:3      | Identified a +2 quarterstaff of chaos
  3475 | D:3      | Identified a +1 cloak
  3475 | D:3      | Noticed Crazy Yiuf
  3500 | D:3      | Killed Crazy Yiuf
  3607 | D:3      | Identified a +0 flail
  3607 | D:3      | Identified a +0 ring mail
  3608 | D:3      | Identified a +0 dagger
  3608 | D:3      | Identified a +0 leather armour
  3622 | D:3      | Identified a +0 leather armour
  3625 | D:3      | Identified a +0 ring mail
  3759 | D:3      | Identified a +0 trident
  3762 | D:3      | Identified a +0 club
  3762 | D:3      | Identified a +0 chain mail
  3800 | D:3      | Identified a +0 dagger of speed
  3800 | D:3      | Identified a +0 robe
  3805 | D:3      | Identified a +0 club
  3805 | D:3      | Identified a +0 chain mail
  3808 | D:3      | Reached skill level 5 in Spellcasting
  3808 | D:3      | Reached skill level 2 in Air Magic
  3808 | D:3      | Reached skill level 2 in Poison Magic
  3808 | D:3      | Reached XP level 5. HP: 28/28 MP: 3/14
  3948 | D:3      | Identified a scroll of noise
  3949 | D:3      | Identified a scroll of magic mapping
  4071 | D:4      | Identified a +0 hand axe
  4073 | D:4      | Identified a +2 dagger of venom
  4073 | D:4      | Identified a +0 robe
  4080 | D:4      | Identified a +0 hand axe
  4080 | D:4      | Identified a +0 ring mail
  4082 | D:4      | Identified a +0 dagger
  4082 | D:4      | Identified a +0 robe
  4115 | D:4      | Identified a +0 giant spiked club
  4115 | D:4      | Noticed an ogre
  4117 | D:4      | Reached skill level 2 in Summonings
  4281 | D:4      | Identified the +2 robe "Odutrur" {rPois}
  4282 | D:4      | Found Ciecott's Weapon Shoppe.
  4308 | D:4      | Reached skill level 6 in Spellcasting
  4574 | D:3      | Identified 2 scrolls of remove curse
  4575 | D:3      | Identified a ring of attention (You found it on level 2 of
                  | the Dungeon)
  4576 | D:3      | Identified a ring of evasion (You found it on level 3 of
                  | the Dungeon)
  4578 | D:3      | Identified a ring of see invisible (You found it on level 3
                  | of the Dungeon)
  4584 | D:3      | Identified a scroll of teleportation
  4585 | D:3      | Identified a scroll of random uselessness
  4586 | D:3      | Identified a scroll of immolation
  4666 | D:4      | Identified a +0 club
  4666 | D:4      | Identified a cursed +0 ring mail
  4690 | D:4      | Identified a +1 hat (You found it on level 4 of the
                  | Dungeon)
  4723 | D:4      | Reached XP level 6. HP: 32/32 MP: 11/17
  4818 | D:4      | Reached skill level 4 in Conjurations
  4953 | D:4      | Identified a +0 giant club
  4953 | D:4      | Identified a +0 spear
  5091 | D:4      | Found Gekhor Toscho's Weapon Boutique.
  5131 | D:4      | Identified a +0 flail
  5131 | D:4      | Identified a +0 spear
  5143 | D:4      | Reached skill level 7 in Spellcasting
  5315 | D:4      | Reached skill level 5 in Conjurations
  5405 | D:5      | Entered Level 5 of the Dungeon
  5444 | D:5      | Reached XP level 7. HP: 36/36 MP: 13/19
  5580 | D:5      | Identified a +0 vorpal shortbow
  5593 | D:5      | Reached skill level 6 in Conjurations
  6178 | D:5      | Identified a +0 club
  6178 | D:5      | Identified a cursed +0 ring mail
  6475 | D:5      | Reached skill level 1 in Fighting
  6475 | D:5      | Reached skill level 3 in Dodging
  6883 | D:6      | Reached skill level 7 in Conjurations
  6966 | D:6      | Reached XP level 8. HP: 40/44 MP: 4/20
  7136 | D:6      | Found a glowing golden altar of the Shining One.
  7136 | D:6      | Identified a +0 giant spiked club
  7149 | D:6      | Reached skill level 2 in Fighting
  7149 | D:6      | Reached skill level 4 in Dodging
  7151 | D:6      | Identified a +0 club
  7151 | D:6      | Identified a +0 scale mail
  7323 | D:6      | Identified a +0 giant club
  7367 | D:6      | Reached skill level 5 in Dodging
  7536 | D:5      | Reached skill level 8 in Conjurations
  7667 | D:6      | Identified a +0 dagger
  7667 | D:6      | Identified a +0 ring mail
  7668 | D:6      | Identified a cursed -1 dagger
  7668 | D:6      | Identified a cursed -2 trident
  7732 | D:6      | Identified a +1 vampiric spear
  7732 | D:6      | Identified a +0 spear
  7947 | D:6      | Identified a +0 dagger
  7947 | D:6      | Identified a +0 robe
  7985 | D:6      | Identified a +1 dagger of speed
  7985 | D:6      | Identified a cursed +0 robe
  7998 | D:6      | Identified a +0 dagger
  8019 | D:6      | Reached skill level 9 in Conjurations
  8470 | D:6      | Identified a +0 dagger
  8470 | D:6      | Identified a +0 robe
  8788 | D:7      | Reached skill level 10 in Conjurations
  8848 | D:7      | Found a staircase to the Ecumenical Temple.
  8852 | D:7      | Noticed a hippogriff
  8861 | D:7      | Identified a +0 hand axe
  8863 | D:7      | Killed a hippogriff
  8863 | D:7      | Reached XP level 9. HP: 44/48 MP: 10/21
  8865 | D:7      | Identified a +0 hand axe
  8866 | Temple   | Entered the Ecumenical Temple
  8895 | Temple   | Became a worshipper of Vehumet
  8936 | D:7      | Identified a +0 hand axe
  8943 | D:7      | Found a flagged portal.
  8952 | Bailey   | Entered a bailey
  8958 | Bailey   | Identified a +0 hand axe
  8958 | Bailey   | Identified a +0 leather armour
  8958 | Bailey   | Identified a +0 hand axe
  8958 | Bailey   | Identified a +0 leather armour
  8958 | Bailey   | Identified a +0 war axe
  8958 | Bailey   | Identified a +0 scale mail
  8958 | Bailey   | Identified a +0 hand axe
  8958 | Bailey   | Identified a +0 leather armour
  8960 | Bailey   | Identified a +0 hand axe
  8960 | Bailey   | Identified a +0 leather armour
  8979 | Bailey   | Identified a +0 war axe
  8979 | Bailey   | Identified a +0 chain mail
  8979 | Bailey   | Identified a +0 war axe
  8979 | Bailey   | Identified a +0 plate armour
  8981 | Bailey   | Identified a +0 hand axe
  8981 | Bailey   | Identified a +0 leather armour
  8982 | Bailey   | Identified a +0 hand axe
  8982 | Bailey   | Identified a +0 leather armour
  8990 | Bailey   | Reached skill level 3 in Summonings
  9093 | Bailey   | Identified a +0 war axe
  9093 | Bailey   | Identified a +0 ring mail
  9098 | Bailey   | Identified a +0 hand axe
  9098 | Bailey   | Identified a +0 leather armour
  9106 | Bailey   | meem: I'm meem, an infobot run by MalcolmRoseGaming: Type
                  | !submeem to keep me in your games; !nomeem to shut me up
                  | forever; !meem for help; !whymeem if you want to know why
                  | meem exists. Visit http://youtube.com/malcolmrosegaming for
                  | more DCSS content.
  9127 | Bailey   | Identified a +0 hand axe
  9127 | Bailey   | Identified a +0 leather armour
  9132 | Bailey   | Identified a +0 war axe
  9132 | Bailey   | Identified a +0 ring mail
  9163 | Bailey   | Identified a +0 hand axe
  9163 | Bailey   | Identified a +0 leather armour
  9214 | Bailey   | Reached skill level 4 in Summonings
  9402 | Bailey   | Identified an amulet of faith (You found it in a bailey)
  9413 | Bailey   | Reached * piety under Vehumet
  9413 | Bailey   | Offered knowledge of Shock by Vehumet.
  9600 | D:7      | Identified a +0 hand axe
  9608 | D:7      | Identified a +0 hand axe
  9609 | D:7      | Identified a +0 hand axe
  9715 | D:7      | Identified a +0 shortbow
  9787 | D:7      | Identified a +0 hand axe
  9802 | D:7      | Identified a +0 hand axe
  9942 | D:6      | Identified 5 scrolls of identify
  9942 | D:6      | Identified 4 potions of invisibility
  9943 | D:6      | Identified 2 scrolls of fear
  9944 | D:6      | Identified a scroll of blinking
  9945 | D:6      | Identified a scroll of silence
  9966 | D:6      | Identified a scroll of amnesia
  9967 | D:6      | Identified 3 potions of degeneration
  9968 | D:6      | Identified 2 potions of berserk rage
  9969 | D:6      | Identified 2 potions of stabbing
 10118 | D:7      | Identified a +0 hand axe
 10120 | D:7      | Reached skill level 5 in Summonings
 10149 | D:7      | Identified a +0 hand axe
 10232 | D:7      | Identified a +0 long sword
 10239 | D:7      | Identified a cursed -3 hand axe
 10269 | D:7      | Reached skill level 11 in Conjurations
 10291 | D:7      | Identified a +0 battleaxe
 10291 | D:7      | Identified a +0 chain mail
 10587 | D:7      | Identified a +0 dagger
 10587 | D:7      | Identified a cursed -2 robe
 10587 | D:7      | Identified a +0 whip
 10614 | D:7      | Identified a +0 club
 10622 | D:7      | Reached ** piety under Vehumet
 10635 | D:7      | Offered knowledge of Foxfire by Vehumet.
 11234 | D:8      | Identified a ring of fire (You found it on level 8 of the
                  | Dungeon)
 11280 | D:8      | Found a runed translucent door.
 11281 | D:8      | Noticed RexLacerta's ghost (novice GrMo)
 11315 | D:8      | Got a faintly humming robe
 11330 | D:8      | Identified the +1 robe "Resosmup" {+Inv +Fly} (You found it
                  | on level 8 of the Dungeon)
 11369 | D:8      | Reached skill level 12 in Conjurations
 11760 | D:8      | Identified a +0 shortbow
 11772 | D:8      | Reached XP level 10. HP: 55/55 MP: 11/22
 11852 | D:8      | Reached skill level 3 in Fighting
 11954 | D:8      | Reached skill level 6 in Dodging
 12303 | D:8      | Learned a level 1 spell: Foxfire
 12527 | D:7      | Learned a level 3 spell: Conjure Flame
 13790 | D:9      | Identified a +0 morningstar
 13790 | D:9      | Identified a +0 club
 13790 | D:9      | Identified a +0 leather armour
 13790 | D:9      | Identified a +0 club
 13793 | D:9      | Identified a +0 flail
 13793 | D:9      | Identified a +0 ring mail
 13809 | D:9      | Offered knowledge of Searing Ray by Vehumet.
 13813 | D:9      | Learned a level 2 spell: Searing Ray
 13907 | D:9      | Identified a +0 shortbow
 13917 | D:9      | Reached skill level 1 in Fire Magic
 13927 | D:9      | Identified an amulet of the acrobat (You found it on level
                  | 9 of the Dungeon)
 13928 | D:9      | Identified 3 potions of curing
 13929 | D:9      | Identified 2 potions of heal wounds
 14136 | D:9      | Found Toxzubux's Gadget Boutique.
 14263 | D:9      | Reached skill level 2 in Fire Magic
 14377 | D:9      | Reached skill level 7 in Dodging
 14522 | D:9      | Identified a +0 giant club
 14522 | D:9      | Identified a +2 dire flail of holy wrath
 14522 | D:9      | Noticed a two-headed ogre
 14553 | D:9      | Killed a two-headed ogre
 14553 | D:9      | Reached skill level 4 in Fighting
 14553 | D:9      | Reached skill level 3 in Fire Magic
 14870 | D:10     | Entered Level 10 of the Dungeon
 15042 | D:10     | Reached skill level 4 in Fire Magic
 15047 | D:10     | Got a scorched war axe
 15049 | D:10     | Identified the +8 war axe of Ydaen {vorpal, Int+6} (You
                  | found it on level 10 of the Dungeon)
 15200 | D:10     | Reached *** piety under Vehumet
 15295 | D:10     | Reached skill level 8 in Dodging
 15367 | D:10     | Identified a +0 giant club
 15439 | D:10     | Identified a +0 dagger
 15440 | D:10     | Identified a +0 short sword
 15441 | D:10     | Identified a +0 dagger
 15486 | D:10     | Identified a +0 dagger
 15576 | D:10     | Found a staircase to the Lair.
 15810 | D:10     | Identified a +0 troll leather armour
 15810 | D:10     | Reached skill level 5 in Fighting
 15928 | D:10     | Reached skill level 5 in Fire Magic
 16138 | D:10     | Identified a potion of mutation
 16140 | D:11     | Found Muthim's Magic Scroll Boutique.
 16158 | D:10     | Identified a +0 troll leather armour
 16217 | D:11     | Reached skill level 9 in Dodging
 16236 | D:11     | Identified a +0 giant club
 16236 | D:11     | Identified a +0 giant club
 16236 | D:11     | Noticed a two-headed ogre
 16247 | D:11     | Killed a two-headed ogre
 16247 | D:11     | Reached skill level 2 in Translocations
 16247 | D:11     | Reached XP level 11. HP: 63/63 MP: 13/23
 16327 | D:11     | Found Zeolac's Magic Scroll Shop.
 16390 | D:11     | Bought a scroll of enchant armour for 120 gold pieces
 16390 | D:11     | Bought a scroll of fog for 32 gold pieces
 16391 | D:11     | Identified a scroll of holy word
 16408 | D:11     | Reached skill level 3 in Translocations
 16536 | D:11     | Offered knowledge of Iskenderun's Mystic Blast by Vehumet.
 16571 | D:11     | Found Soud Qull's Assorted Antiques.
 16574 | D:11     | Bought a pair of runed gloves for 232 gold pieces
 16584 | D:11     | Identified a cursed -2 pair of gloves (You bought it in a
                  | shop on level 11 of the Dungeon)
 16729 | D:11     | Found Wyzuter's General Store.
 16811 | D:11     | Noticed an unseen horror
 16816 | D:11     | Killed an unseen horror
 16816 | D:11     | Reached skill level 4 in Translocations
 16970 | D:11     | Identified a +1 dagger of distortion
 16970 | D:11     | Noticed Sonja
 17049 | D:11     | Reached skill level 10 in Dodging
 17095 | D:11     | Identified a +0 giant club
 17095 | D:11     | Identified a +0 dire flail
 17095 | D:11     | Noticed a two-headed ogre
 17108 | D:11     | Killed a two-headed ogre
 17108 | D:11     | Reached skill level 5 in Translocations
 17356 | D:11     | Killed Sonja
 17356 | D:11     | Reached skill level 6 in Fire Magic
 17407 | D:12     | Identified a +0 giant club
 17407 | D:12     | Identified a +0 flail
 17421 | D:11     | Reached **** piety under Vehumet
 17532 | D:12     | Identified a cursed +0 dagger
 17532 | D:12     | Identified a +0 robe
 17539 | D:12     | Identified a cursed -2 giant club
 17539 | D:12     | Identified a +0 giant club
 17539 | D:12     | Noticed a two-headed ogre
 17540 | D:12     | Identified a +0 giant club
 17542 | D:12     | Noticed a white ugly thing
 17631 | D:12     | Offered knowledge of Iskenderun's Battlesphere by Vehumet.
 17641 | D:11     | Identified a scroll of torment
 17644 | D:11     | Identified a ring of protection from cold (You found it on
                  | level 11 of the Dungeon)
 17983 | D:12     | Identified a +0 club
 17986 | D:12     | Identified a +0 war axe
 18137 | D:12     | Reached skill level 7 in Fire Magic
 18148 | D:12     | Noticed Snorg
 18313 | D:12     | Killed a white ugly thing
 18442 | D:12     | Killed Snorg
 18701 | D:12     | Identified a +0 whip
 18703 | D:12     | Identified a +0 dagger
 18703 | D:12     | Identified a +0 robe
 18799 | D:12     | Found a staircase to the Orcish Mines.
 18799 | D:12     | Identified a +2 dagger of holy wrath
 18799 | D:12     | Identified a +0 scimitar
 18799 | D:12     | Identified a +0 plate armour
 18799 | D:12     | Identified a +0 dagger
 18799 | D:12     | Identified a +0 mace
 18799 | D:12     | Identified a +0 spear
 18799 | D:12     | Identified a +0 scale mail
 18799 | D:12     | Identified a +0 club
 18799 | D:12     | Identified a +0 trident
 18799 | D:12     | Identified a +0 leather armour
 18799 | D:12     | Identified a +0 short sword
 18799 | D:12     | Identified a +0 dagger
 18799 | D:12     | Identified a +0 giant club
 18804 | D:12     | Identified a +0 hand axe
 18805 | D:12     | Reached skill level 6 in Fighting
 18805 | D:12     | Identified a +0 club
 18811 | D:12     | Identified a +0 giant spiked club
 18814 | D:12     | Identified a +0 troll leather armour
 18814 | D:12     | Reached skill level 11 in Dodging
 18814 | D:12     | Identified a +0 giant spiked club
 18815 | D:12     | Identified a +2 spear of venom
 18815 | D:12     | Identified a +0 scale mail
 18944 | D:12     | Killed a two-headed ogre
 18944 | D:12     | Reached skill level 8 in Fire Magic
 19148 | Lair:1   | Entered Level 1 of the Lair of Beasts
 19166 | Lair:1   | Reached XP level 12. HP: 70/70 MP: 18/24
 19784 | Lair:1   | Reached ***** piety under Vehumet
 19790 | Lair:1   | Offered knowledge of Sticky Flame by Vehumet.
 20497 | Lair:2   | Reached skill level 7 in Fighting
 20673 | Lair:2   | Noticed a four-headed hydra
 20694 | Lair:2   | Killed a four-headed hydra
 20694 | Lair:2   | Reached skill level 9 in Fire Magic
 20717 | Lair:2   | Reached skill level 12 in Dodging
 20875 | Lair:2   | Identified a ring of protection (You found it on level 12
                  | of the Dungeon)
 21020 | Lair:2   | Got an encrusted plate armour
 21283 | Lair:2   | You fall into a shaft and drop 2 floors!
 21907 | Lair:3   | Found a hole to the Spider Nest.
 22121 | Lair:3   | Learned a level 3 spell: Dazzling Flash
 22171 | Lair:3   | Reached skill level 10 in Fire Magic
 22405 | Lair:3   | Reached skill level 8 in Fighting
 22466 | Lair:3   | Identified a scroll of enchant weapon
 22937 | Lair:4   | Reached skill level 13 in Dodging
 23257 | Lair:4   | Noticed Kirke
 23320 | Lair:4   | Killed Kirke
 23320 | Lair:4   | Reached XP level 13. HP: 79/79 MP: 10/25
 23927 | Lair:4   | Reached skill level 9 in Fighting
 24165 | Lair:4   | Identified a +0 rapier
 24165 | Lair:4   | Identified a +0 robe
 24173 | Lair:4   | Identified a +0 falchion
 24173 | Lair:4   | Identified a +0 robe
 24177 | Lair:4   | Identified a +0 rapier
 24177 | Lair:4   | Identified a +0 robe
 24177 | Lair:4   | Identified a +0 buckler
 24478 | Lair:4   | Found a staircase to the Swamp.
 24595 | Lair:4   | Reached skill level 14 in Dodging
 25384 | Lair:5   | Reached skill level 1 in Shields
 25654 | Lair:5   | Reached skill level 2 in Shields
 26268 | Lair:5   | Reached skill level 3 in Shields
 26333 | Lair:5   | Found a large runed translucent door.
 26365 | Lair:5   | Found a large runed translucent door.
 26369 | Lair:5   | Noticed Egid's ghost (journeyman DEWz)
 26999 | Lair:5   | Offered knowledge of Iron Shot by Vehumet.
 27706 | Lair:5   | Killed Egid's ghost
 27793 | Lair:6   | Entered Level 6 of the Lair of Beasts
 27802 | Lair:6   | Reached skill level 4 in Shields
 27966 | Lair:6   | Learned a level 1 spell: Apportation
 28231 | Lair:6   | Identified a +0 spear
 28231 | Lair:6   | Identified a +0 buckler
 28283 | Lair:6   | Found a staircase to the Slime Pits.
 28562 | Lair:6   | Reached skill level 15 in Dodging
 28650 | Lair:6   | Identified a +0 dagger
 28650 | Lair:6   | Identified a +0 robe
 28650 | Lair:6   | Identified a +0 buckler
 28704 | Lair:6   | Identified a +0 short sword
 28704 | Lair:6   | Identified a +0 robe
 28749 | Lair:6   | Identified a +0 spear
 28886 | Lair:6   | Reached skill level 10 in Fighting
 29263 | Lair:6   | Reached skill level 8 in Spellcasting
 29263 | Lair:6   | Reached XP level 14. HP: 82/88 MP: 24/28
 29412 | Lair:6   | Identified a +0 rapier
 29412 | Lair:6   | Identified a +0 robe
 29412 | Lair:6   | Identified a +2 buckler
 29412 | Lair:6   | Identified a +3 dagger
 29412 | Lair:6   | Identified a +0 robe
 29427 | Lair:6   | Identified a +0 dagger
 29427 | Lair:6   | Identified a +0 robe
 29432 | Lair:6   | Identified a +0 short sword
 29432 | Lair:6   | Identified a +0 robe
 29458 | Lair:6   | Reached skill level 9 in Spellcasting
 29512 | Lair:6   | Identified a +0 short sword
 29512 | Lair:6   | Identified a +0 robe of resistance
 29518 | Lair:6   | Identified a ring of dexterity (You found it on level 6 of
                  | the Lair of Beasts)
 29519 | Lair:6   | Identified a ring of intelligence (You found it on level 6
                  | of the Lair of Beasts)
 29647 | Lair:6   | Identified a +0 dagger
 29647 | Lair:6   | Identified a +0 robe
 29746 | Lair:6   | Identified a +0 dagger
 29746 | Lair:6   | Identified a cursed +0 robe
 29746 | Lair:6   | Identified a +0 buckler
 29757 | Lair:6   | Identified a +0 rapier
 29757 | Lair:6   | Identified a +0 robe
 29757 | Lair:6   | Identified a cursed +0 buckler
 29758 | Lair:6   | Identified a +0 short sword
 29758 | Lair:6   | Identified a +0 robe
 29759 | Lair:6   | Identified a cursed -2 dagger
 29759 | Lair:6   | Identified a +0 robe
 29760 | Lair:6   | Identified a +2 dagger of draining
 29760 | Lair:6   | Identified a +0 robe
 29762 | Lair:6   | Reached ****** piety under Vehumet
 29936 | Lair:6   | Identified Venan's Papyrus of the Mountains
 29969 | Lair:6   | Reached skill level 10 in Spellcasting
 29971 | Lair:6   | Offered knowledge of Orb of Destruction by Vehumet.
 30156 | Lair:6   | Identified a +0 dagger
 30156 | Lair:6   | Identified a +2 robe of cold resistance
 30390 | Lair:6   | Learned a level 7 spell: Orb of Destruction
 30605 | D:13     | Identified a +0 leather armour
 30605 | D:13     | Identified a +0 short sword
 30605 | D:13     | Identified a +0 ring mail
 30606 | D:13     | Identified a +0 broad axe
 30606 | D:13     | Identified a +0 robe
 30607 | D:13     | Identified a +0 mace
 30609 | D:13     | Identified a +0 dagger
 30609 | D:13     | Identified a +0 robe
 30612 | D:13     | Identified a +0 dagger
 30612 | D:13     | Identified a +0 leather armour
 30613 | D:13     | Identified a +0 war axe
 30613 | D:13     | Identified a +0 robe
 30614 | D:13     | Identified a +0 hand axe
 30614 | D:13     | Identified a +0 ring mail
 30744 | D:13     | Identified a +0 giant club
 30968 | D:13     | Learned a level 5 spell: Fireball
 31020 | D:13     | Reached skill level 11 in Spellcasting
 31356 | D:13     | Found a gate to the Vaults.
 31356 | D:13     | Identified a +0 bardiche
 31356 | D:13     | Identified a +0 chain mail
 31425 | D:13     | Identified a +0 shortbow
 31429 | D:13     | Identified a cursed -2 shortbow
 31434 | D:13     | Identified a +0 vorpal shortbow
 31439 | D:13     | Identified a cursed -1 shortbow
 31568 | D:13     | Identified a +0 mace
 31568 | D:13     | Identified a +0 plate armour
 31570 | D:13     | Identified a cursed -2 club
 31572 | D:13     | Identified a +0 short sword
 31663 | D:13     | Identified a +0 whip
 31663 | D:13     | Identified a cursed +0 leather armour
 31759 | D:13     | Identified a +0 war axe
 31759 | D:13     | Identified a +0 leather armour
 31760 | D:13     | Identified a +0 chain mail
 31760 | D:13     | Identified a +2 shortbow of freezing
 31765 | D:13     | Offered knowledge of Spellforged Servitor by Vehumet.
 31775 | D:13     | Identified +0 acid dragon scales
 32322 | D:13     | You fall into a shaft and drop 2 floors!
 32322 | D:15     | Entered Level 15 of the Dungeon
 32367 | D:15     | Identified a +0 giant club
 32367 | D:15     | Identified a +0 giant club
 32382 | D:15     | Reached skill level 12 in Spellcasting
 32461 | D:15     | Identified a +3 longbow of flaming
 32461 | D:15     | Identified a +0 centaur barding
 32461 | D:15     | Noticed Nessos
 32576 | D:15     | Identified a cursed +0 trident
 32576 | D:15     | Identified a +0 robe
 32587 | D:15     | Identified a cursed +3 long sword
 32587 | D:15     | Identified a +0 robe
 32587 | D:15     | Identified a cursed +0 great sword
 32587 | D:15     | Identified a +0 robe
 32600 | D:15     | Identified a +0 dagger
 32600 | D:15     | Identified a +0 robe
 32603 | D:15     | Identified a +2 dire flail
 32603 | D:15     | Identified a +0 robe
 32616 | D:15     | Reached skill level 13 in Conjurations
 32624 | D:15     | HP: 16/88 [stone giant zombie (21)]
 32631 | D:15     | Found a staircase to the Depths.
 32631 | D:15     | Identified a +0 battleaxe
 32631 | D:15     | Identified a cursed +2 war axe
 32631 | D:15     | Identified a +0 robe
 32646 | D:15     | HP: 18/88 [six-headed hydra (9)]
 32756 | D:15     | Identified a +0 longbow
 32991 | D:14     | Identified a +0 longbow
 32991 | D:14     | Identified a cursed -3 shortbow
 32991 | D:14     | Identified a +0 shortbow
 32993 | D:14     | Identified a +0 shortbow
 33101 | D:14     | Identified a +0 flail
 33138 | D:14     | Identified a +0 dagger
 33138 | D:14     | Identified a +0 robe
 33141 | D:14     | Identified a +0 short sword
 33141 | D:14     | Identified a +0 hand axe
 33142 | D:14     | Identified a cursed -3 club
 33308 | D:14     | Learned a level 7 spell: Spellforged Servitor
 33519 | D:14     | Identified a +0 hand axe
 33519 | D:14     | Identified a +0 leather armour
 33520 | D:14     | Identified a +0 hand axe
 33520 | D:14     | Identified a +0 leather armour
 33520 | D:14     | Identified a +0 hand axe
 33520 | D:14     | Identified a +0 robe
 33769 | D:14     | Identified a +3 shortbow of flaming
 33782 | D:14     | Identified a +0 short sword
 33782 | D:14     | Identified a +0 leather armour
 34015 | Orc:1    | Entered Level 1 of the Orcish Mines
 34015 | Orc:1    | Identified a +0 hand axe
 34015 | Orc:1    | Identified a +0 leather armour
 34015 | Orc:1    | Identified a +0 dagger
 34015 | Orc:1    | Identified a +0 robe
 34015 | Orc:1    | Identified a +0 giant club
 34015 | Orc:1    | Identified a +0 giant club
 34015 | Orc:1    | Identified a +0 giant club
 34015 | Orc:1    | Identified a +0 dagger
 34015 | Orc:1    | Identified a +0 robe of magic resistance
 34016 | Orc:1    | Identified a +0 battleaxe
 34016 | Orc:1    | Identified a +0 plate armour
 34054 | D:12     | Identified an amulet of regeneration (You found it on level
                  | 14 of the Dungeon)
 34056 | Orc:1    | Identified a +0 short sword
 34243 | D:12     | Reached skill level 13 in Spellcasting
 34835 | Orc:1    | Found a runed translucent door.
 34835 | Orc:1    | Identified a +0 giant club
 34835 | Orc:1    | Identified a +0 giant club
 34857 | Orc:1    | Found the +10 tower shield of Ignorance {rN+ Int-4}
 34870 | Orc:1    | Identified a +0 dagger
 34870 | Orc:1    | Identified a +0 robe
 34871 | Orc:1    | Identified a +0 scimitar
 34871 | Orc:1    | Identified a +0 plate armour
 34871 | Orc:1    | Identified a +0 mace
 34871 | Orc:1    | Identified a +0 leather armour
 34871 | Orc:1    | Identified a +0 flail
 34871 | Orc:1    | Identified a +0 ring mail
 34872 | Orc:1    | Found a runed translucent door.
 34881 | Orc:1    | Identified a +0 vorpal dire flail
 34881 | Orc:1    | Identified a +0 giant club
 34883 | Orc:1    | Reached skill level 6 in Summonings
 34903 | Orc:1    | Identified a +0 giant club
 34905 | Orc:1    | Identified a +0 hand axe
 34951 | Orc:1    | Identified a +0 ring mail
 34952 | Orc:1    | Identified a +0 troll leather armour
 34953 | Orc:1    | Identified a +0 trident
 34966 | Orc:1    | Identified a +0 falchion
 34966 | Orc:1    | Identified a +0 leather armour
 35275 | Orc:1    | Identified a +0 falchion
 35275 | Orc:1    | Identified a +0 leather armour
 35278 | Orc:1    | Identified a cursed -2 dagger
 35278 | Orc:1    | Identified a +1 robe of fire resistance
 35279 | Orc:1    | Identified a +0 halberd
 35279 | Orc:1    | Identified a +0 plate armour
 35285 | Orc:1    | Identified a +0 dire flail
 35285 | Orc:1    | Identified a cursed -1 giant club
 35579 | Orc:2    | Entered Level 2 of the Orcish Mines
 35579 | Orc:2    | Identified a +0 dagger of venom
 35579 | Orc:2    | Identified a +2 robe of the Archmagi
 35627 | Orc:2    | Identified a +0 dagger
 35627 | Orc:2    | Identified a +0 robe
 35629 | Orc:2    | Reached XP level 15. HP: 92/92 MP: 29/34
 35682 | Orc:2    | Identified a +0 short sword
 35683 | Orc:2    | Identified a +0 leather armour
 35685 | Orc:2    | Identified a +0 club
 35693 | Orc:2    | Identified a cursed +0 war axe
 35696 | Orc:2    | Identified a +0 dagger
 35696 | Orc:2    | Identified a +0 ring mail
 35696 | Orc:2    | Identified a +0 dagger
 35696 | Orc:2    | Identified a +0 robe
 35697 | Orc:2    | Identified a +0 leather armour
 35852 | Orc:2    | Identified a +1 dagger of venom
 35852 | Orc:2    | Identified a +0 robe
 35852 | Orc:2    | Identified a +0 ring mail
 35857 | Orc:2    | Identified a +0 scimitar
 35857 | Orc:2    | Identified a +0 plate armour
 35872 | Orc:2    | Found a frozen archway.
 36040 | IceCv    | Entered an ice cave
 36673 | IceCv    | Reached skill level 14 in Conjurations
 36816 | IceCv    | Reached skill level 7 in Summonings
 37264 | IceCv    | Identified a +1 battleaxe of freezing
 37264 | IceCv    | Noticed a frost giant
 37268 | IceCv    | Killed a frost giant
 37290 | IceCv    | Got a scintillating lead ring
 37330 | Orc:2    | Identified the ring "Uclamoru" {rC+ Str+4} (You found it in
                  | an ice cave)
 37331 | Orc:2    | Identified a ring of ice (You found it in an ice cave)
 37402 | Orc:2    | Identified a +0 hand axe
 37414 | Orc:2    | Identified a +0 dagger
 37414 | Orc:2    | Identified a +0 club
 37415 | Orc:2    | Identified a +0 dagger
 37415 | Orc:2    | Identified a +0 robe
 37417 | Orc:2    | Identified a +0 dagger
 37417 | Orc:2    | Identified a +0 robe
 37419 | Orc:2    | Identified a +0 dagger
 37419 | Orc:2    | Identified a +0 ring mail
 37419 | Orc:2    | Identified a +0 dagger
 37419 | Orc:2    | Identified a +0 robe
 37420 | Orc:2    | Identified a +0 war axe
 37420 | Orc:2    | Identified a +0 chain mail
 37421 | Orc:2    | Identified a +0 dagger
 37431 | Orc:2    | Identified a +0 morningstar
 37434 | Orc:2    | Identified a +0 dagger
 37434 | Orc:2    | Identified a +0 club
 37436 | Orc:2    | Identified a +0 mace
 37437 | Orc:2    | Identified a +3 long sword of electrocution
 37437 | Orc:2    | Identified a +0 arbalest
 37437 | Orc:2    | Identified a +0 plate armour
 37437 | Orc:2    | Identified a +0 flail
 37437 | Orc:2    | Identified a +0 leather armour
 37453 | Orc:2    | Identified a +0 giant club
 37453 | Orc:2    | Identified a +0 giant spiked club
 37459 | Orc:2    | Reached skill level 14 in Spellcasting
 37460 | Orc:2    | Identified a +0 giant club
 37534 | Orc:2    | Identified a +0 leather armour
 37535 | Orc:2    | Offered knowledge of Starburst by Vehumet.
 37647 | Orc:2    | Identified a +0 shortbow
 37660 | Orc:2    | Identified a +0 shortbow
 37660 | Orc:2    | Identified a +0 shortbow
 37661 | Orc:2    | Identified a +0 shortbow
 37686 | Orc:2    | Identified a +0 shortbow
 37699 | Orc:2    | Identified a +0 battleaxe
 37699 | Orc:2    | Identified a +0 arbalest
 37705 | Orc:2    | Identified a +0 trident
 37705 | Orc:2    | Identified a +0 arbalest
 37707 | Orc:2    | Identified a +0 trident
 37707 | Orc:2    | Identified a +0 arbalest
 37708 | Orc:2    | Identified a +0 battleaxe
 37708 | Orc:2    | Identified a +0 arbalest
 37710 | Orc:2    | Identified a +0 flail
 37710 | Orc:2    | Identified a +0 shortbow
 37711 | Orc:2    | Identified a +0 glaive
 37711 | Orc:2    | Identified a +0 plate armour
 37741 | Orc:2    | Identified a +0 shortbow
 37878 | Orc:2    | Identified a +0 glaive
 37878 | Orc:2    | Identified a +0 arbalest
 37879 | Orc:2    | Identified a +0 flail
 37879 | Orc:2    | Identified a +0 chain mail
 37898 | Orc:2    | Identified a +0 war axe
 37898 | Orc:2    | Identified a cursed +0 plate armour
 37899 | Orc:2    | Identified a +0 falchion
 37899 | Orc:2    | Identified a +1 long sword of holy wrath
 37899 | Orc:2    | Identified a +0 plate armour
 37901 | Orc:2    | Identified a +0 hand axe
 37901 | Orc:2    | Identified a +0 scale mail
 37901 | Orc:2    | Identified a +0 great mace
 37901 | Orc:2    | Identified a +0 arbalest
 37905 | Orc:2    | Identified a +0 war axe
 37906 | Orc:2    | Identified a +0 battleaxe
 37906 | Orc:2    | Identified a +0 chain mail
 37906 | Orc:2    | Identified a +0 longbow
 38079 | Orc:2    | Identified a +0 morningstar
 38079 | Orc:2    | Identified a +0 arbalest
 38106 | Orc:2    | Identified a +0 glaive
 38106 | Orc:2    | Identified a +0 arbalest
 38120 | Orc:2    | Identified a +0 long sword
 38120 | Orc:2    | Identified a +0 chain mail
 38125 | Orc:2    | Identified a +0 hand axe
 38125 | Orc:2    | Identified a +0 arbalest
 38133 | Orc:2    | Identified a +0 broad axe
 38133 | Orc:2    | Identified a +0 arbalest
 38138 | Orc:2    | Identified a +0 glaive
 38138 | Orc:2    | Identified a +0 arbalest
 38138 | Orc:2    | Identified a +0 dagger
 38252 | Orc:2    | Identified a +0 hand axe
 38252 | Orc:2    | Identified a +0 arbalest
 38255 | Orc:2    | Reached skill level 8 in Summonings
 38281 | Orc:2    | Identified a +0 short sword
 38281 | Orc:2    | Identified a +0 leather armour
 38285 | Orc:2    | Identified a +5 mace
 38285 | Orc:2    | Identified a +0 arbalest
 38286 | Orc:2    | Identified a +0 trident
 38286 | Orc:2    | Identified a +0 plate armour
 38287 | Orc:2    | Identified a +0 great mace
 38287 | Orc:2    | Identified a +0 arbalest
 38394 | Orc:2    | Identified a +0 glaive of protection
 38394 | Orc:2    | Identified a +0 plate armour
 38475 | Orc:2    | Identified a +0 glaive
 38475 | Orc:2    | Identified a +0 arbalest
 38477 | Orc:2    | Identified a cursed -2 shortbow
 38484 | Orc:2    | Identified a +0 shortbow
 38496 | Orc:2    | Identified a +0 war axe
 38496 | Orc:2    | Identified a +0 chain mail
 38501 | Orc:2    | Identified a +0 glaive
 38501 | Orc:2    | Identified a +0 chain mail
 38502 | Orc:2    | Identified a +0 shortbow
 38520 | Orc:2    | Identified a +0 trident
 38520 | Orc:2    | Identified a +3 arbalest
 38535 | Orc:2    | Identified a +0 shortbow
 38554 | Orc:2    | Found a staircase to the Elven Halls.
 38554 | Orc:2    | Identified a cursed +0 shortbow
 38619 | Orc:2    | Identified a +0 great mace
 38619 | Orc:2    | Identified a +0 arbalest
 38624 | Orc:2    | Identified a +0 shortbow
 38638 | Orc:2    | Identified a +0 great mace
 38638 | Orc:2    | Identified a +0 arbalest
 38653 | Orc:2    | Identified a +0 dire flail
 38653 | Orc:2    | Identified a +0 chain mail
 38721 | Orc:2    | Identified a +0 glaive
 38721 | Orc:2    | Identified a cursed +0 arbalest
 38780 | Orc:2    | Identified a +0 hand axe
 38780 | Orc:2    | Identified a +0 arbalest
 38870 | Orc:2    | Found Ziatz's Weapon Boutique.
 38870 | Orc:2    | Found Sull's Antique Weapon Emporium.
 38872 | Orc:2    | Found Dehoi's Magic Scroll Shoppe.
 38874 | Orc:2    | Found Tobbischeosk's Book Shop.
 39344 | Spider:1 | Entered Level 1 of the Spider Nest
 39518 | Swamp:1  | Entered Level 1 of the Swamp
 39859 | Spider:1 | HP: 21/92 [wolf spider (12)]
 40165 | Swamp:1  | Offered knowledge of Yara's Violent Unravelling by Vehumet.
 40551 | D:8      | Killed RexLacerta's ghost
 40684 | Elf:1    | Entered Level 1 of the Elven Halls
 40684 | Elf:1    | Identified a +0 long sword
 40684 | Elf:1    | Identified a +0 long sword
 40684 | Elf:1    | Identified a cursed -3 long sword
 40684 | Elf:1    | Identified a +0 ring mail
 40936 | Orc:2    | Learned a level 6 spell: Statue Form
 41034 | D:15     | Identified a +0 robe
 41052 | D:15     | Identified a +2 vorpal battleaxe
 41441 | D:15     | Identified a +0 shortbow
 41443 | D:15     | Killed Nessos
 41443 | D:15     | Reached skill level 9 in Summonings
 42047 | D:15     | Identified a +0 cloak of poison resistance (You found it on
                  | level 15 of the Dungeon)
 42068 | Depths:1 | Entered Level 1 of the Depths
 42082 | Depths:1 | Identified a +0 dire flail
 42082 | Depths:1 | Identified a +0 dire flail
 42082 | Depths:1 | Identified a +0 longbow
 42088 | Depths:1 | Identified a +0 trident
 42088 | Depths:1 | Identified a cursed -2 robe
 42092 | Depths:1 | Identified a +0 halberd
 42092 | Depths:1 | Identified a +0 leather armour
 42093 | Depths:1 | Identified a +0 halberd
 42093 | Depths:1 | Identified a +0 leather armour
 42095 | Depths:1 | Identified a +0 longbow
 42334 | Depths:1 | Identified a cursed +0 arbalest
 42337 | Depths:1 | Identified a +0 robe
 42338 | Depths:1 | Identified a +0 buckler
 42343 | Depths:1 | Reached skill level 15 in Spellcasting
 42343 | Depths:1 | Identified a +0 arbalest
 42344 | Depths:1 | Reached skill level 15 in Conjurations
 42344 | Depths:1 | Identified a +2 battleaxe of freezing
 42344 | Depths:1 | Noticed a frost giant
 42345 | Depths:1 | Identified a +0 arbalest
 42346 | Depths:1 | Identified a +0 arbalest
 42346 | Depths:1 | Identified a +0 great sword of flaming
 42346 | Depths:1 | Noticed a fire giant
 42443 | D:15     | meem: I'm meem, an infobot run by MalcolmRoseGaming: Type
                  | !submeem to keep me in your games; !nomeem to shut me up
                  | forever; !meem for help; !whymeem if you want to know why
                  | meem exists. Visit http://youtube.com/malcolmrosegaming for
                  | more DCSS content.
 42739 | Spider:1 | Reached skill level 10 in Summonings
 42922 | Spider:1 | Offered knowledge of Chain Lightning by Vehumet.
 43266 | Spider:1 | Reached XP level 16. HP: 97/97 MP: 12/37
 43707 | Spider:2 | Reached skill level 11 in Fire Magic
 44629 | Spider:2 | Identified a potion of resistance
 44630 | Spider:2 | Identified a ring of teleportation (You found it on level 2
                  | of the Spider Nest)
 44849 | Spider:1 | Learned a level 7 spell: Summon Hydra
 45168 | Spider:3 | Offered knowledge of Shatter by Vehumet.
 45168 | Spider:3 | Offered knowledge of Ignition by Vehumet.
 45168 | Spider:3 | Offered knowledge of Absolute Zero by Vehumet.
 45390 | Spider:3 | Reached skill level 11 in Summonings
 46291 | Spider:4 | Entered Level 4 of the Spider Nest
 46321 | Spider:4 | Reached skill level 12 in Summonings
 46505 | Spider:4 | Identified a scroll of acquirement
 46517 | Spider:4 | Identified a +1 helmet of see invisible {sInv} (You
                  | acquired it on level 4 of the Spider Nest)
 47337 | Spider:4 | Reached skill level 13 in Summonings
 48184 | Spider:4 | Got a pitted halberd
 48185 | Spider:4 | Identified a potion of ambrosia
 48186 | Spider:4 | Identified the cursed +0 halberd "Fiveshac" {holy, Dex+3}
                  | (You found it on level 4 of the Spider Nest)
 48947 | Spider:4 | Reached skill level 14 in Summonings
 49307 | Spider:4 | Learned a level 8 spell: Ignition
 49570 | Spider:4 | Got a gossamer rune of Zot
 49835 | Swamp:1  | Identified +0 swamp dragon scales
 49971 | Swamp:1  | Identified +0 swamp dragon scales
 50143 | Swamp:1  | Reached skill level 12 in Fire Magic
 50357 | Swamp:1  | Identified a +0 broad axe of flaming
 50357 | Swamp:1  | Identified a +2 plate armour of magic resistance
 50357 | Swamp:1  | Identified a +0 kite shield of reflection
 50357 | Swamp:1  | Noticed Donald
 50364 | Swamp:1  | Killed Donald
 50750 | Swamp:1  | Identified a ring of wizardry (You found it on level 1 of
                  | the Swamp)
 50751 | Swamp:1  | Identified a ring of positive energy (You found it on level
                  | 1 of the Swamp)
 51146 | Swamp:2  | Reached XP level 17. HP: 102/102 MP: 17/38
 52283 | Swamp:2  | Reached skill level 15 in Summonings
 52313 | Swamp:2  | Reached skill level 13 in Fire Magic
 53204 | Swamp:3  | Identified a +0 quarterstaff
 53204 | Swamp:3  | Identified a +0 robe
 53328 | Swamp:2  | Identified a potion of lignification
 53913 | Swamp:3  | Reached skill level 14 in Fire Magic
 54160 | Swamp:3  | Identified an amulet of magic regeneration (You found it on
                  | level 3 of the Swamp)
 54183 | Swamp:4  | Entered Level 4 of the Swamp
 54384 | Swamp:4  | Identified +0 swamp dragon scales
 54531 | Swamp:4  | Got an ancient copper ring
 54612 | Swamp:4  | Reached skill level 15 in Fire Magic
 54853 | Swamp:4  | Identified a cursed -2 pair of boots (You found it on level
                  | 4 of the Swamp)
 55111 | Swamp:4  | Identified +0 swamp dragon scales
 55160 | Swamp:4  | Identified a +2 vorpal spear
 55172 | Swamp:4  | Identified a +0 spear
 55172 | Swamp:4  | Identified a +0 buckler
 55342 | Swamp:4  | Identified the ring "Taomom" {+Blink rPois rF- Dex+3} (You
                  | found it on level 4 of the Swamp)
 55377 | Swamp:4  | Identified a +1 antimagic broad axe
 55377 | Swamp:4  | Identified a +0 animal skin
 55650 | Swamp:4  | Got a decaying rune of Zot
 55666 | Swamp:4  | Identified a +0 quarterstaff
 55666 | Swamp:4  | Identified a +0 animal skin
 55670 | Swamp:4  | Identified +0 swamp dragon scales
 56279 | Vaults:1 | Entered Level 1 of the Vaults
 56332 | Vaults:1 | Reached skill level 16 in Fire Magic
 56386 | Vaults:1 | Identified a +0 morningstar
 56386 | Vaults:1 | Identified a +0 scale mail
 56434 | Vaults:1 | Identified a +0 shortbow
 56534 | Vaults:1 | Identified a +0 battleaxe
 56534 | Vaults:1 | Identified a +0 chain mail
 56535 | Vaults:1 | Identified a +0 flail
 56535 | Vaults:1 | Identified a +0 chain mail
 56539 | Vaults:1 | Identified a +0 flail
 56539 | Vaults:1 | Identified a +0 flail
 56539 | Vaults:1 | Identified a +0 chain mail
 56540 | Vaults:1 | Identified a +0 club
 56541 | Vaults:1 | Identified a +1 halberd of flaming
 56541 | Vaults:1 | Identified a +0 arbalest
 56541 | Vaults:1 | Identified a +0 plate armour of cold resistance
 56541 | Vaults:1 | Noticed Saint Roka
 56542 | Vaults:1 | Identified a +0 giant club
 56648 | Vaults:1 | Killed Saint Roka
 56653 | Vaults:1 | Identified a +0 dagger
 56653 | Vaults:1 | Identified a +0 leather armour
 56910 | Vaults:1 | Identified a +0 morningstar
 56910 | Vaults:1 | Identified a +0 arbalest
 56910 | Vaults:1 | Identified a +0 ring mail of poison resistance
 56911 | Vaults:1 | Identified a +2 dagger of venom
 56911 | Vaults:1 | Identified a +2 robe of the Archmagi
 56912 | Vaults:1 | Identified a cursed -1 dagger
 56912 | Vaults:1 | Identified a +0 robe
 56912 | Vaults:1 | Identified a +0 falchion
 56912 | Vaults:1 | Identified a +0 leather armour
 57025 | Vaults:1 | Identified a +0 mace
 57025 | Vaults:1 | Identified a +0 scale mail
 57025 | Vaults:1 | Identified a +0 shortbow
 57038 | Vaults:1 | Reached XP level 18. HP: 107/107 MP: 21/39
 57046 | Vaults:1 | Identified a +0 giant spiked club
 57046 | Vaults:1 | Identified a +0 giant club
 57048 | Vaults:1 | Identified a +0 giant club
 57048 | Vaults:1 | Identified a +0 giant club
 57049 | Vaults:1 | Identified a +0 short sword of speed
 57049 | Vaults:1 | Identified a +0 robe
 57051 | Vaults:1 | Identified a +0 giant club
 57051 | Vaults:1 | Identified a +0 giant club
 57051 | Vaults:1 | Identified a cursed +0 giant spiked club
 57052 | Vaults:1 | Identified a +0 giant club
 57076 | Vaults:1 | Identified a +0 hand axe
 57079 | Vaults:1 | Identified a +3 glaive
 57079 | Vaults:1 | Identified a +0 chain mail
 57080 | Vaults:1 | Identified a +0 long sword
 57080 | Vaults:1 | Identified a +0 chain mail
 57081 | Vaults:1 | Identified a +0 morningstar
 57082 | Vaults:1 | Identified a +0 flail
 57084 | Vaults:1 | Identified a +0 hand axe
 57084 | Vaults:1 | Identified a +0 chain mail
 57124 | Vaults:1 | HP: 21/107 [ghoul[a death knight] (20)]
 57443 | Vaults:1 | Reached skill level 17 in Fire Magic
 57596 | Vaults:1 | Identified a +0 ring mail
 57913 | Vaults:1 | Identified a +0 mace
 57913 | Vaults:1 | Identified a +0 ring mail
 57915 | Vaults:1 | Identified a +0 battleaxe
 57915 | Vaults:1 | Identified a +0 chain mail
 57916 | Vaults:1 | Identified a +0 scimitar
 57916 | Vaults:1 | Identified a +0 chain mail
 57917 | Vaults:1 | Identified a +1 mace of draining
 57919 | Vaults:1 | Identified a +0 war axe
 57919 | Vaults:1 | Identified a +0 arbalest
 57919 | Vaults:1 | Identified a +0 chain mail
 57982 | Vaults:1 | Identified a +0 arbalest
 57982 | Vaults:1 | Identified a +0 arbalest
 57982 | Vaults:1 | Identified a +0 arbalest
 58032 | Vaults:1 | Identified a +0 battleaxe
 58033 | Vaults:1 | Identified a +0 morningstar
 58297 | Vaults:1 | Noticed Aizul
 58303 | Vaults:1 | Killed Aizul
 58407 | Vaults:1 | Identified a +2 vorpal flail
 58407 | Vaults:1 | Identified a +0 scale mail
 58508 | Vaults:1 | Identified a +0 shortbow
 58560 | Vaults:1 | Identified a +0 short sword
 58696 | Vaults:1 | Identified a +0 arbalest
 58697 | Vaults:1 | Identified a +1 arbalest of freezing
 58703 | Vaults:1 | Identified a +0 great mace
 58703 | Vaults:1 | Identified a +0 plate armour
 58707 | Vaults:1 | Identified a +0 arbalest
 58708 | Vaults:1 | Identified a +0 arbalest
 58708 | Vaults:1 | Identified a +0 arbalest
 58968 | Vaults:1 | Identified a +0 dagger
 58968 | Vaults:1 | Identified a +0 robe
 58969 | Vaults:1 | Identified a +0 hand axe
 58969 | Vaults:1 | Identified a +0 chain mail
 58970 | Vaults:1 | Identified a +0 short sword of holy wrath
 58972 | Vaults:1 | Identified a +1 dagger of venom
 58972 | Vaults:1 | Identified a +0 robe
 58974 | Vaults:1 | Identified a +0 dire flail
 58974 | Vaults:1 | Identified a +0 chain mail
 58975 | Vaults:1 | Identified a +0 trident
 58980 | Vaults:1 | Identified a +0 halberd
 58980 | Vaults:1 | Identified a +0 chain mail
 59167 | Vaults:1 | Identified a +3 great sword of electrocution
 59167 | Vaults:1 | Identified a +0 plate armour
 59167 | Vaults:1 | Identified a +0 trident
 59167 | Vaults:1 | Identified a +0 flail
 59167 | Vaults:1 | Identified a +2 vorpal flail
 59167 | Vaults:1 | Identified a +0 chain mail
 59168 | Vaults:1 | Identified a +0 troll leather armour
 59756 | Vaults:2 | Identified a +0 morningstar
 59756 | Vaults:2 | Identified a +0 scale mail
 59757 | Vaults:2 | Identified +0 acid dragon scales
 59831 | Vaults:2 | Got the ring "Tareuci" {rN+ MP+9 Dex+4}
 59867 | Vaults:2 | Identified a +0 dagger
 59867 | Vaults:2 | Identified a +0 robe
 59868 | Vaults:2 | Reached skill level 18 in Fire Magic
 59872 | Vaults:2 | Identified a cursed -2 arbalest
 59885 | Vaults:2 | Identified a +0 falchion
 59886 | Vaults:2 | Identified a +3 long sword
 59886 | Vaults:2 | Identified a +0 chain mail
 59889 | Vaults:2 | Identified a +0 long sword
 59889 | Vaults:2 | Identified a +0 chain mail
 60008 | Vaults:2 | Identified a +0 dire flail
 60008 | Vaults:2 | Identified a +0 ring mail
 60083 | Vaults:2 | Identified a +0 arbalest
 60083 | Vaults:2 | Identified a +0 battleaxe
 60083 | Vaults:2 | Identified a +0 chain mail
 60084 | Vaults:2 | Identified a +0 arbalest
 60084 | Vaults:2 | Identified a +0 arbalest
 60086 | Vaults:2 | Identified a +0 arbalest
 60176 | Vaults:2 | Identified a +1 robe of fire resistance
 60176 | Vaults:2 | Noticed Boris
 60183 | Vaults:2 | Killed Boris
 60318 | Vaults:2 | Identified a +0 flail
 60318 | Vaults:2 | Identified a +0 leather armour
 60321 | Vaults:2 | Identified a +0 longbow
 60440 | Vaults:2 | Identified a +0 hand axe
 60440 | Vaults:2 | Identified a +1 battleaxe of flaming
 60440 | Vaults:2 | Identified a +0 plate armour
 60441 | Vaults:2 | Identified a +3 bardiche
 60441 | Vaults:2 | Identified a +0 plate armour
 60441 | Vaults:2 | Identified a +0 flail
 60441 | Vaults:2 | Identified a +0 chain mail
 60441 | Vaults:2 | Identified a +0 short sword
 60441 | Vaults:2 | Identified a +0 plate armour
 60451 | Vaults:2 | Identified a +0 arbalest
 60451 | Vaults:2 | Identified a +0 arbalest
 60451 | Vaults:2 | Identified a +0 war axe
 60451 | Vaults:2 | Identified a +0 chain mail
 60451 | Vaults:2 | Identified a +0 kite shield
 60453 | Vaults:2 | Identified a +0 arbalest
 60528 | Vaults:2 | Identified a +0 great mace
 60528 | Vaults:2 | Identified a +0 ring mail
 60528 | Vaults:2 | Identified a +0 war axe
 60528 | Vaults:2 | Identified a +0 arbalest
 60528 | Vaults:2 | Identified a +0 plate armour
 60531 | Vaults:2 | Reached skill level 19 in Fire Magic
 60532 | Vaults:2 | Identified a +0 morningstar
 60532 | Vaults:2 | Identified a +0 ring mail
 60533 | Vaults:2 | Identified a +1 vorpal war axe
 60533 | Vaults:2 | Identified a +0 chain mail
 60533 | Vaults:2 | Identified a +0 kite shield
 60565 | Vaults:2 | Identified a +0 whip
 60565 | Vaults:2 | Identified a +0 robe
 60567 | Vaults:2 | Identified a +0 dagger
 60567 | Vaults:2 | Identified a +0 longbow
 60567 | Vaults:2 | Identified a +0 leather armour
 60568 | Vaults:2 | Identified a +0 dagger
 60568 | Vaults:2 | Identified a +3 leather armour
 60571 | Vaults:2 | Identified a +0 long sword
 60641 | Vaults:2 | Identified a +0 short sword
 60803 | Vaults:2 | Identified a +1 long sword of freezing
 60803 | Vaults:2 | Identified a +0 ring mail
 60999 | Vaults:2 | Identified a +0 battleaxe
 60999 | Vaults:2 | Identified a cursed +0 plate armour
 61075 | Vaults:2 | Identified a +0 dagger
 61075 | Vaults:2 | Identified a +0 robe
 61286 | Vaults:3 | Identified a +0 morningstar
 61286 | Vaults:3 | Identified a +0 arbalest
 61286 | Vaults:3 | Identified a +0 scale mail
 61301 | Vaults:3 | Identified a cursed +0 giant club
 61302 | Vaults:3 | Identified a +2 battleaxe
 61302 | Vaults:3 | Identified a +0 plate armour
 61302 | Vaults:3 | Identified a +0 great mace
 61302 | Vaults:3 | Identified a +0 ring mail
 61310 | Vaults:3 | Identified a +0 giant club
 61312 | Vaults:3 | Identified a +0 halberd
 61312 | Vaults:3 | Identified a +0 plate armour
 61312 | Vaults:3 | Identified a +0 broad axe
 61312 | Vaults:3 | Identified a +0 plate armour
 61313 | Vaults:3 | Identified a +0 club
 61313 | Vaults:3 | Identified a +0 robe
 61481 | Vaults:3 | Got a distressingly furry buckler
 61492 | Vaults:3 | Identified the cursed +0 buckler of Sat Soeb {+Inv Regen+}
                  | (You found it on level 3 of the Vaults)
 61519 | Vaults:3 | Identified a +0 morningstar of holy wrath
 61519 | Vaults:3 | Identified a +0 scale mail
 61523 | Vaults:3 | Identified a +1 long sword of flaming
 61525 | Vaults:3 | Identified a +0 dagger
 61525 | Vaults:3 | Identified a +0 longbow
 61525 | Vaults:3 | Identified a +0 leather armour
 61527 | Vaults:3 | Identified a +0 dagger
 61527 | Vaults:3 | Noticed a deep elf sorcerer
 61528 | Vaults:3 | Identified a +0 short sword of speed
 61528 | Vaults:3 | Identified a +0 leather armour
 61528 | Vaults:3 | Killed a deep elf sorcerer
 61530 | Vaults:3 | Identified a +0 war axe
 61530 | Vaults:3 | Identified a cursed -3 arbalest
 61530 | Vaults:3 | Identified a +0 ring mail
 61595 | Vaults:3 | Identified a +0 long sword
 61595 | Vaults:3 | Identified a +0 ring mail
 61599 | Vaults:3 | Identified a +0 long sword
 61599 | Vaults:3 | Identified a +0 plate armour
 61599 | Vaults:3 | Identified a +2 falchion of holy wrath
 61599 | Vaults:3 | Identified a +0 scimitar
 61599 | Vaults:3 | Identified a +0 chain mail
 61599 | Vaults:3 | Identified a +0 war axe
 61599 | Vaults:3 | Identified a +0 leather armour
 61600 | Vaults:3 | Identified a +0 flail
 61646 | Vaults:3 | Found a ruined gateway.
 61656 | Desolati | Entered the Desolation of Salt
 61683 | Desolati | Identified a +0 rapier
 61683 | Desolati | Identified a +0 robe
 61707 | Desolati | Identified a +0 scimitar
 61707 | Desolati | Identified a cursed +0 leather armour
 61710 | Desolati | Identified a +0 short sword
 61710 | Desolati | Identified a +0 robe
 61711 | Desolati | Identified a +0 long sword
 61711 | Desolati | Identified a +0 robe
 61716 | Desolati | Identified a cursed -2 club
 61716 | Desolati | Identified a +0 robe
 62011 | Vaults:3 | Identified a +0 dagger
 62012 | Vaults:3 | Identified a +0 flail
 62012 | Vaults:3 | Identified a cursed +0 plate armour
 62020 | Vaults:3 | Identified a +0 dagger
 62020 | Vaults:3 | Identified a +0 leather armour
 62024 | Vaults:3 | Identified a +0 vorpal broad axe (You took it off an orc
                  | warrior on level 3 of the Vaults)
 62028 | Vaults:3 | Identified a +0 great mace
 62028 | Vaults:3 | Identified a +0 chain mail
 62030 | Vaults:3 | Reached skill level 20 in Fire Magic
 62229 | Vaults:3 | Identified a +0 arbalest
 62229 | Vaults:3 | Identified a +0 arbalest
 62229 | Vaults:3 | Identified a cursed -2 arbalest
 62229 | Vaults:3 | Identified a +1 arbalest of flaming
 62230 | Vaults:3 | Reached XP level 19. HP: 112/112 MP: 40/40
 62279 | Vaults:3 | Identified a +2 war axe
 62279 | Vaults:3 | Identified a +0 chain mail
 62279 | Vaults:3 | Identified a +0 club
 62279 | Vaults:3 | Identified a +0 mace
 62279 | Vaults:3 | Identified a +0 plate armour
 62279 | Vaults:3 | Identified a +0 short sword
 62352 | Vaults:3 | Identified a +0 arbalest
 62370 | Vaults:3 | Identified a +0 long sword
 62370 | Vaults:3 | Identified a +0 arbalest
 62370 | Vaults:3 | Identified a +0 ring mail
 62509 | Vaults:3 | Identified a +0 longbow
 62515 | Vaults:3 | Identified a +0 shortbow
 62517 | Vaults:3 | Identified a +0 shortbow
 62518 | Vaults:3 | Identified a +0 shortbow
 62518 | Vaults:3 | Identified a +0 centaur barding
 62520 | Vaults:3 | Identified a +0 shortbow
 62522 | Vaults:3 | Identified a +0 shortbow
 62627 | Vaults:3 | Found a staircase to the Crypt.
 62703 | Vaults:3 | Identified a cursed -2 dagger
 62703 | Vaults:3 | Identified a cursed +0 robe
 62714 | Vaults:3 | Cast into level 3 of the Abyss (a wizard)
 62785 | Abyss:4  | Found a corrupted altar of Lugonu.
 62812 | Abyss:4  | HP: 26/112 [spatial maelstrom (6)]
 62817 | Abyss:4  | HP: 12/112 [spatial maelstrom (15)]
 62818 | Abyss:4  | Slain by a spatial maelstrom

Table legend:
 A = Turns spent in this place as a percentage of turns spent in the entire game.
 B = Non-inter-level travel turns spent in this place as a percentage of non-inter-level travel turns spent in the entire game.
 C = Inter-level travel turns spent in this place as a percentage of turns spent in this place.
 D = Turns resting spent in this place as a percentage of non-inter-level travel turns spent in this place.
 E = Turns spent auto-exploring this place as a percentage of non-inter-level travel turns spent in this place.
 F = Non-inter-level travel turns spent in this place divided by the number of levels of this place that you've seen.
                   A       B       C       D       E      F
               +-------+-------+-------+-------+-------+----------------------
         Total | 100.0 | 100.0 |   7.2 |  43.3 |  26.8 | 1387.5
       Dungeon |  39.3 |  38.7 |   8.6 |  40.9 |  29.3 | 1505.2
        Temple |   0.1 |   0.1 |   0.0 |   0.0 |   0.0 |  65.0
          Lair |  21.1 |  20.5 |   9.9 |  42.7 |  31.0 | 1995.5
         Swamp |  10.0 |  10.3 |   4.3 |  49.1 |  27.9 | 1506.2
   Spider Nest |  10.9 |  10.9 |   6.6 |  52.4 |  15.2 | 1591.5
  Orcish Mines |   5.5 |   5.6 |   4.8 |  45.7 |  18.2 | 1634.5
   Elven Halls |   0.0 |   0.0 |   0.0 |   0.0 |   0.0 |   9.0
        Vaults |   9.7 |  10.1 |   3.6 |  37.5 |  32.9 | 1952.3
        Depths |   0.1 |   0.1 |   0.0 |   0.0 |   0.0 |  43.0
         Abyss |   0.2 |   0.2 |   0.0 |   0.0 |   0.0 |  52.0
        Bailey |   1.0 |   1.1 |   0.0 |  33.4 |   4.4 | 637.0
      Ice Cave |   2.1 |   2.2 |   0.0 |  52.0 |   5.4 | 1288.0
    Desolation |   0.1 |   0.1 |   0.0 |   4.8 |   0.0 |  62.0
               +-------+-------+-------+-------+-------+----------------------

Table legend:
 A = Kills in this place as a percentage of kills in entire the game.
 B = Kills by you in this place as a percentage of kills by you in the entire game.
 C = Kills by friends in this place as a percentage of kills by friends in the entire game.
 D = Other kills in this place as a percentage of other kills in the entire game.
 E = Experience gained in this place as a percentage of experience gained in the entire game.
 F = Experience gained in this place divided by the number of levels of this place that you have seen.
                   A       B       C       D       E      F
               +-------+-------+-------+-------+-------+----------------------
         Total | 100.0 | 100.0 | 100.0 | 100.0 | 100.0 | 9265.8
       Dungeon |  29.5 |  29.5 |  28.7 |  31.2 |  13.8 | 3574.7
          Lair |  18.1 |  18.6 |  12.5 |  20.8 |  13.5 | 8744.5
         Swamp |  11.4 |  12.1 |   8.8 |   0.0 |  19.8 | 19241.0
   Spider Nest |  13.0 |  10.8 |  33.8 |  14.6 |  15.9 | 15438.2
  Orcish Mines |   7.1 |   6.9 |  10.3 |   4.2 |   3.9 | 7657.0
        Vaults |  13.6 |  15.5 |   0.0 |   2.1 |  26.2 | 34002.0
        Depths |   0.5 |   0.5 |   0.7 |   2.1 |   1.2 | 4621.0
         Abyss |   0.3 |   0.3 |   0.0 |   0.0 |   0.8 | 1653.5
        Bailey |   1.8 |   1.4 |   5.1 |   4.2 |   0.2 | 666.0
      Ice Cave |   3.7 |   3.5 |   0.0 |  20.8 |   3.1 | 12109.0
    Desolation |   0.9 |   1.0 |   0.0 |   0.0 |   1.6 | 6337.0
               +-------+-------+-------+-------+-------+----------------------

Skill      XL: |  1  2  3  4  5  6  7  8  9 10 11 12 13 14 15 16 17 18 |
---------------+-------------------------------------------------------+-----
Conjurations   | 2 3 5 7 10 12 13 15 | 15.0
Poison Magic   | 1 2 |  2.0
Air Magic      | 1 2 |  2.0
Spellcasting   | 5 6 7 8 13 15 | 15.0
Summonings     | 2 5 6 10 14 15 | 15.0
Fighting       | 1 2 5 6 8 10 | 10.0
Dodging        | 3 5 9 11 13 15 | 15.0
Fire Magic     | 5 8 10 12 16 20 | 20.5
Translocations | 2 5 |  5.0
Shields        | 4 |  4.0
Stealth        | |  2.4
Transmutations | |  0.4

Action                   |  1- 3 |  4- 6 |  7- 9 | 10-12 | 13-15 | 16-18 | 19-21 || total
-------------------------+-------+-------+-------+-------+-------+-------+-------++-------
Melee: Dagger            |       |       |    51 |     9 |       |       |       ||    60
       War axe           |       |       |       |    15 |    57 |    27 |     1 ||   100
Throw: Dart              |       |       |     3 |       |       |       |       ||     3
       Stone             |       |       |     1 |       |       |       |       ||     1
 Cast: Magic Dart        |   116 |   135 |   407 |   255 |    88 |       |       ||  1001
       Call Imp          |     5 |    12 |    40 |    30 |     8 |       |       ||    95
       Mephitic Cloud    |       |    10 |    43 |    53 |   146 |    34 |       ||   286
       Conjure Flame     |       |       |       |    33 |     5 |       |       ||    38
       Searing Ray       |       |       |       |   152 |   315 |    30 |       ||   497
       Foxfire           |       |       |       |    17 |       |       |       ||    17
       Blink             |       |       |       |    19 |    17 |    18 |       ||    54
       Apportation       |       |       |       |       |     4 |     1 |       ||     5
       Orb of Destructio |       |       |       |       |    52 |   148 |     5 ||   205
       Fireball          |       |       |       |       |   104 |   458 |    37 ||   599
       Spellforged Servi |       |       |       |       |    25 |    13 |       ||    38
       Dazzling Flash    |       |       |       |       |     2 |       |       ||     2
       Summon Hydra      |       |       |       |       |       |    26 |       ||    26
       Ignition          |       |       |       |       |       |    23 |     2 ||    25
Evoke: Wand              |       |       |       |       |       |     5 |     2 ||     7
  Use: Scroll            |       |     7 |     8 |    14 |    15 |    21 |       ||    65
       Potion            |       |       |     1 |       |     8 |     7 |     2 ||    18
 Stab: Confused          |       |       |     7 |       |     4 |     1 |       ||    12
  Eat: Chunk             |     5 |     8 |    15 |    18 |    37 |    25 |     1 ||   109
       Ration            |       |       |     1 |     6 |    10 |    11 |     1 ||    29
Armor: Robe              |     1 |     7 |    22 |    26 |    97 |    33 |     3 ||   189
Dodge: Dodged            |     1 |    15 |   145 |   226 |   565 |   262 |    27 ||  1241
Block: Buckler           |       |       |       |       |   125 |    89 |     4 ||   218

Vanquished Creatures
  Boris (Vaults:2)
  Saint Roka (Vaults:1)
  3 thorn hunters (Swamp:4)
  A tentacled starspawn (Abyss:3)
  A shadow dragon (Vaults:3)
  Kirke (Lair:4)
  A frost giant (IceCv)
  Aizul (Vaults:1)
  An emperor scorpion (Spider:2)
  A deep elf sorcerer (Vaults:3)
  4 vault wardens
  A ghost moth (Spider:4)
  An imperial myrmidon (Desolation)
  A stone giant (Vaults:2)
  A ghoul (Vaults:1)
  3 ironheart preservers
  A spark wasp (Spider:3)
  Snorg (D:12)
  An ettin (Depths:1)
  The ghost of Egid the Eclecticist, a journeyman DEWz of Vehumet (Lair:5)
  2 fire dragons
  A ragged hierophant (Desolation)
  2 vault guards
  2 yaktaur captains
  22 hydras
  2 rakshasas
  A shambling mangrove (Swamp:3)
  2 ice dragons (Vaults:3)
  A peacekeeper (Desolation)
  13 two-headed ogres
  A death knight (Vaults:1)
  23 alligators
  11 centaur warriors
  2 ogre magi
  A tengu warrior (Depths:1)
  A deep troll shaman (Depths:1)
  2 spriggan berserkers (Swamp:4)
  A hell hog (Abyss:3)
  An orc high priest (Orc:1)
  2 deep elf knights
  Sonja (D:11)
  A storm dragon zombie (Vaults:2)
  5 skeletal warriors
  2 fire crabs (Lair:6)
  5 unseen horrors
  A spriggan druid (Swamp:3)
  A death drake (shapeshifter) (Vaults:1)
  13 swamp dragons
  A wizard (Vaults:2)
  2 necromancers
  2 deep elf archers
  5 ironbrand convokers
  2 phantasmal warriors (Vaults:1)
  An orb spider (shapeshifter) (Vaults:3)
  14 orc knights
  20 wolf spiders
  11 orb spiders
  4 orc sorcerers
  2 oklob plants
  A tengu skeleton (Vaults:2)
  8 ugly things
  4 deep elf magi
  A manticore (D:15)
  6 elephants (Lair:4)
  A stone giant zombie (Vaults:2)
  6 cyclopes
  A moth of wrath (Spider:4)
  5 black mambas
  An ice statue (IceCv)
  3 gargoyles
  8 vault sentinels
  10 spiny frogs
  A centaur skeleton (D:14)
  5 demonic crawlers
  2 freezing wraiths (Vaults:2)
  A kobold demonologist (D:12)
  10 komodo dragons
  A rime drake (Lair:4)
  2 ice devils (Orc:2)
  21 yaktaurs
  2 tengu conjurers (Depths:1)
  9 trolls
  14 hornets
  4 tyrant leeches
  23 jumping spiders
  6 meliai
  21 blink frogs
  11 bog bodies
  19 polar bears
  21 slime creatures
  3 dream sheep (Lair:6)
  11 saltlings
  A frost giant simulacrum (Vaults:2)
  An air elemental (Abyss:4)
  2 vampires
  36 tarantellas
  A shadow (Swamp:3)
  9 hippogriffs
  22 spriggans
  A wraith (Vaults:1)
  54 redbacks
  3 wyverns
  57 yaks
  A spriggan (shapeshifter) (Vaults:3)
  2 steam dragons
  A human (shapeshifter) (Vaults:1)
  A basilisk (Lair:1)
  2 hungry ghosts
  6 hogs (Lair:4)
  18 vampire mosquitoes
  15 swamp worms
  3 wargs
  19 insubstantial wisps
  4 acid dragons
  A soldier ant (D:13)
  2 tengu zombies
  20 water moccasins
  8 porcupines
  11 swamp drakes
  8 black bears
  46 orc warriors
  3 phantoms
  4 ice beasts
  An ice beast (shapeshifter) (Vaults:3)
  4 sky beasts
  A hornet zombie (D:10)
  A black bear (shapeshifter) (Vaults:1)
  37 wolves
  4 boggarts (Lair:6)
  24 centaurs
  15 crocodiles
  19 ogres
  7 big kobolds
  A human skeleton (Vaults:2)
  18 bullfrogs
  A wyvern zombie (D:13)
  2 wyvern skeletons
  2 gnoll sergeants (D:12)
  3 scorpions
  9 killer bees
  5 wights (D:15)
  3 electric eels
  A howler monkey (D:10)
  3 centaur zombies
  4 crimson imps
  11 jellies
  A quasit (D:12)
  3 hounds
  A hound (shapeshifter) (Vaults:3)
  15 orc priests
  4 bullfrog skeletons
  20 orc wizards
  6 iguanas
  2 hell rats (Lair:5)
  9 worker ants
  A hound zombie (D:10)
  A hound skeleton (D:11)
  A howler monkey zombie (D:7)
  2 worker ant zombies
  10 gnolls
  A howler monkey skeleton (D:5)
  31 adders
  11 river rats (Lair:5)
  4 shadow imps
  A white imp (Abyss:3)
  14 oozes
  An adder skeleton (D:5)
  An adder zombie (D:7)
  3 worms
  2 dart slugs (D:1)
  2 leopard geckos
  103 orcs
  2 ball pythons
  5 bats
  9 giant cockroaches
  15 goblins
  13 hobgoblins
  11 jackals
  2 quokkas (D:5)
  4 frilled lizards
  25 kobolds
  A leopard gecko skeleton (D:4)
  A leopard gecko zombie (D:6)
  A quokka skeleton (D:4)
  12 rats
  4 fungi
  2 pillars of salt (Vaults:3)
  A plant (Lair:5)
1351 creatures vanquished.

Vanquished Creatures (collateral kills)
  Donald (Swamp:1)
  6 emperor scorpions (Spider:4)
  Nessos (D:15)
  2 centaur warriors
  2 hydras (Swamp:1)
  A shambling mangrove (Swamp:1)
  A vampire mage (D:15)
  A skeletal warrior (D:15)
  The ghost of RexLacerta the Basher, a novice GrMo of Makhleb (D:8)
  A swamp dragon (Swamp:1)
  A harpy (shapeshifter) (D:15)
  An orc sorcerer (D:12)
  An orc knight (Orc:2)
  3 orb spiders
  A stone giant zombie (D:15)
  9 wolf spiders
  A centaur skeleton (D:10)
  A yaktaur zombie (D:15)
  8 demonic crawlers
  10 jumping spiders
  A troll (D:15)
  A hornet (Swamp:1)
  2 tyrant leeches (Swamp:1)
  2 hippogriffs
  A bog body (Swamp:1)
  4 slime creatures
  A shadow (Swamp:1)
  12 redbacks
  3 tarantellas
  A warg (Orc:2)
  2 insubstantial wisps (Swamp:1)
  3 water moccasins
  A sky beast (D:15)
  7 orc warriors
  An ogre (Orc:2)
  A necrophage (D:8)
  4 centaurs (Orc:2)
  A bullfrog (Lair:5)
  A wyvern skeleton (D:8)
  A scorpion (D:8)
  A tengu zombie (D:15)
  2 killer bees (D:8)
  A howler monkey (D:7)
  Crazy Yiuf (D:3)
  2 worker ants
  3 gnolls (D:6)
  7 adders
  3 worms
  7 orcs
  A giant cockroach (D:8)
  2 goblins (Bailey)
  3 kobolds (Bailey)
  A withered plant (D:15)
137 creatures vanquished.

Vanquished Creatures (others)
  A redback (Spider:3)
  A black bear (D:8)
  A killer bee (D:7)
  An orc (Vaults:1)
  28 foxfires
  11 fungi
  3 pillars of salt (Vaults:3)
  39 plants
  5 withered plants
90 creatures vanquished.

Grand Total: 1578 creatures vanquished
